AoeStats
← Chris Becker

Arena

509403790Analyzed
4v4 RM · 6d ago on Sep 26, 2026· 51m 18s· 8 players
Game mode
Random Map
Map size
Large (8 player)
Population
200
Speed
Normal
Resources
Standard
Victory
Conquest
Starting age
Dark Age
Ending age
Imperial Age
RankedLock teamsTeams togetherTeam positionsShared explorationLock speedFull tech treeHidden civsTurbo modeCheats
Victory
Defeat
🇩🇪 Italians · Germany
1518
+9
🇨🇴 Varangians · Colombia
1509
+9
🇦🇷 Khmer · Argentina
1487
+10
1438
+13
🇧🇷 Japanese · Brazil
1529
-16
🇧🇷 Wu · Brazil
1404
-12
🇧🇷 Celts · Brazil
1251
-7
🇧🇷 Hindustanis · Brazil
1232
-6
[CANTINAMX] | Vintar Khan
5:29 Loom
9:57 Feudal Age
14:10 Castle Age
14:17 Double-Bit Axe
18:03 Horse Collar
20:10 Wheelbarrow
20:00 Fletching
22:44 Padded Archer Armor
23:09 Bodkin Arrow
27:27 Man-at-Arms
28:09 Squires
29:17 Town Watch
32:55 Hand Cart
34:01 Heavy Plow
34:24 Pikeman
36:11 Bow Saw
36:43 Halberdier
37:31 Scale Mail Armor
42:25 Imperial Age
40:20 Chain Mail Armor
41:04 Forging
44:08 Plate Mail Armor
44:13 Iron Casting
43:47 Arson
46:37 Iron Casting
46:43 Fortified Wall
49:11 Blast Furnace
49:16 Conscription
AM | Tailor
10:50 Feudal Age
11:03 Feudal Age
14:51 Castle Age
13:13 Double-Bit Axe
13:32 Horse Collar
15:51 Bow Saw
19:22 Wheelbarrow
21:52 Stone Mining
21:52 Gold Mining
22:37 Gold Mining
23:28 Loom
23:30 Town Watch
25:55 Scale Barding Armor
26:04 Bloodlines
25:55 Husbandry
28:48 Imperial Age
26:44 Forging
27:42 Stone Shaft Mining
29:20 Chain Barding Armor
29:35 Iron Casting
29:20 Hand Cart
30:01 Conscription
29:22 Elite Jarl
30:16 Heavy Plow
31:24 Two-Man Saw
32:55 Plate Barding Armor
33:21 Blast Furnace
32:55 Crop Rotation
34:09 Chemistry
32:58 Treadmill Crane
34:23 Chemistry
33:33 Masonry
35:02 Onager
36:21 Siege Engineers
36:46 Architecture
36:13 Murder Holes
36:28 Fortified Wall
38:29 Ballistics
38:00 Fletching
37:47 Capped Ram
41:04 Siege Ram
41:37 Light Cavalry
50:31 Scale Mail Armor
50:26 Bodkin Arrow
50:38 Squires
50:24 Gambesons
50:43 Padded Archer Armor
50:48 Caravan
[BadStart] The Shadow
10:29 Feudal Age
13:13 Castle Age
11:07 Double-Bit Axe
11:03 Horse Collar
14:23 Bow Saw
14:19 Heavy Plow
21:54 Wheelbarrow
21:12 Stone Mining
21:15 Gold Mining
21:43 Loom
21:47 Town Watch
22:03 Loom
23:29 Hand Cart
27:53 Imperial Age
26:13 Ballistics
27:31 Fortified Wall
28:33 Scale Barding Armor
28:39 Bloodlines
28:30 Husbandry
29:46 Chemistry
29:10 Double Crossbow
30:47 Conscription
30:54 Chain Barding Armor
31:09 Conscription
31:36 Forging
31:09 Elite Ballista Elephant
33:56 Plate Barding Armor
33:29 Siege Engineers
34:28 Stone Shaft Mining
34:29 Gold Shaft Mining
34:35 Sanctity
34:26 Fervor
35:54 Redemption
38:20 Masonry
38:56 Coinage
38:26 Caravan
41:42 Light Cavalry
42:47 Forging
42:53 Fletching
43:36 Architecture
43:21 Hussar
46:36 Iron Casting
Chris Becker
10:57 Feudal Age
15:08 Castle Age
13:52 Double-Bit Axe
13:56 Horse Collar
20:06 Wheelbarrow
20:06 Bow Saw
21:32 Fletching
23:43 Bodkin Arrow
24:46 Padded Archer Armor
24:26 Elite Skirmisher
25:02 Loom
26:36 Leather Archer Armor
29:08 Thumb Ring
30:15 Gold Mining
34:23 Imperial Age
32:57 Heavy Plow
34:18 Hand Cart
36:06 Chemistry
35:12 Bracer
35:42 Ring Archer Armor
36:19 Ballistics
36:31 Conscription
41:16 Two-Man Saw
42:11 Crop Rotation
41:27 Light Cavalry
42:18 Bloodlines
42:09 Husbandry
42:24 Scale Barding Armor
42:30 Forging
42:10 Hussar
45:00 Pirotechnia
46:07 Chain Barding Armor
46:00 Stone Mining
47:40 Iron Casting
48:52 Plate Barding Armor
TIRA-ONDA
11:01 Feudal Age
14:50 Castle Age
13:30 Double-Bit Axe
13:57 Horse Collar
16:26 Bow Saw
17:33 Fletching
19:48 Bodkin Arrow
21:33 Wheelbarrow
23:19 Padded Archer Armor
24:47 Heavy Plow
24:42 Loom
25:12 Hand Cart
24:43 Town Watch
26:51 Gold Mining
26:52 Stone Mining
34:28 Imperial Age
33:13 Leather Archer Armor
32:59 Scale Mail Armor
34:22 Pikeman
35:02 Squires
35:42 Ballistics
35:12 Heated Shot
35:43 Ballistics
35:32 Bracer
36:46 Two-Man Saw
35:22 Elite Fire Archer
36:23 Conscription
37:54 Chemistry
38:00 Treadmill Crane
38:30 Masonry
44:11 Architecture
46:17 Arson
45:53 Halberdier
49:59 Gold Shaft Mining
49:59 Stone Shaft Mining
50:57 Chain Mail Armor
50:53 Forging
52:14 Plate Mail Armor
AeroLag
12:14 Feudal Age
12:51 Double-Bit Axe
13:15 Horse Collar
15:44 Castle Age
16:50 Loom
20:24 Scale Mail Armor
20:35 Forging
22:52 Squires
23:39 Chain Mail Armor
30:15 Wheelbarrow
31:49 Hand Cart
32:50 Town Watch
33:44 Gold Mining
34:04 Bow Saw
35:06 Gold Shaft Mining
35:27 Heavy Plow
35:45 Fletching
36:30 Iron Casting
39:13 Imperial Age
37:04 Town Patrol
37:19 Stone Mining
40:35 Plate Mail Armor
41:06 Blast Furnace
39:44 Onager
44:25 Siege Engineers
46:14 Two-Man Saw
45:43 Pikeman
47:32 Halberdier
Felinha
11:38 Feudal Age
12:17 Double-Bit Axe
12:29 Horse Collar
15:37 Castle Age
16:42 Bow Saw
16:39 Heavy Plow
20:20 Loom
23:24 Wheelbarrow
24:00 Town Watch
24:39 Hand Cart
25:13 Gold Mining
25:26 Stone Mining
29:47 Imperial Age
28:34 Gold Shaft Mining
28:37 Stone Shaft Mining
28:37 Scale Mail Armor
28:48 Forging
29:16 Ballistics
29:59 Pikeman
30:24 Arson
30:26 Gambesons
30:01 Man-at-Arms
30:51 Halberdier
31:26 Long Swordsman
32:27 Chain Mail Armor
32:48 Iron Casting
32:06 Fletching
32:08 Two-Handed Swordsman
32:26 Capped Ram
34:05 Plate Mail Armor
34:04 Conscription
33:22 Champion
34:24 Bodkin Arrow
34:32 Padded Archer Armor
35:16 Furor Celtica
34:56 Elite Skirmisher
38:19 Leather Archer Armor
39:47 Chemistry
42:12 Siege Ram
42:44 Heavy Scorpion
44:59 Blast Furnace
45:18 Elite Woad Raider
50:25 Hoardings
50:25 Fortified Wall
Tesla_G
10:54 Feudal Age
15:00 Castle Age
13:21 Double-Bit Axe
13:31 Horse Collar
16:06 Bow Saw
16:27 Heavy Plow
18:00 Loom
22:27 Wheelbarrow
23:28 Gold Mining
23:28 Stone Mining
29:52 Imperial Age
28:12 Hand Cart
29:18 Scale Barding Armor
29:23 Forging
30:35 Chain Barding Armor
30:53 Gold Shaft Mining
31:09 Bloodlines
30:59 Husbandry
31:36 Iron Casting
30:24 Heavy Camel Rider
33:02 Chemistry
32:09 Siege Engineers
32:33 Conscription
33:50 Plate Barding Armor
33:31 Masonry
33:33 Imperial Camel Rider
36:30 Blast Furnace
36:56 Padded Archer Armor
38:59 Two-Man Saw
39:49 Leather Archer Armor
41:23 Ring Archer Armor
40:50 Light Cavalry
42:02 Hussar
43:20 Siege Elephant
43:20 Onager
Connection lost

Rejoining the realm…

Still unreachable

The connection could not be restored.

Session expired

The server has moved on; the page needs a fresh start.